Map: [ESL] Inside and Out

Players

Solar - Winner!

  • Race: Zerg Zerg
  • League: Master
  • Spawn Location: 1:00

Astrea

  • Race: Protoss Protoss
  • League: Grandmaster
  • Spawn Location: 7:00

Event: TSL 9

VOD

Have the link to the VOD?

Description

Time

  • Played on: Aug. 15, 2022, 8:30 a.m.
  • Length: 11:57

All games in this series

Show
View Real Time Build Order
Export as new Build Order

Solar Zerg - Winner!

Build Orders: Hatch First 

Get SALT Encoding   

  12  0:00  Drone  
  13  0:12  Overlord  
  13  0:17  Drone  
  14  0:30  Drone  
  14  0:31  Drone  
  16  0:48  Hatchery  
  15  0:51  Drone  
  15  0:54  Drone  
  17  0:57  Drone  
  18  1:08  Extractor  
  17  1:13  Spawning Pool  
  17  1:15  Drone  
  17  1:19  Drone  
  18  1:27  Drone  
  19  1:38  Drone  
  20  1:54  Drone  
  21  1:59  Queen  
  21  2:00  Zergling x2, Queen  
  21  2:01  Overlord  
  26  2:11  Drone x2  
  26  2:12  Metabolic Boost  
  28  2:21  Drone x2  
  30  2:32  Hatchery  
  30  2:34  Zergling x2  
  30  2:40  Queen  
  32  2:44  Overlord  
  32  2:48  Drone  
  32  2:49  Drone  
  34  2:53  Drone x2  
  36  3:03  Drone  
  39  3:05  Drone  
  39  3:07  Drone x2  
  39  3:08  Drone  
  39  3:10  Queen  
  43  3:15  Overlord  
  43  3:16  Drone  
  44  3:31  Overlord  
  44  3:33  Queen  
  46  3:37  Drone  
  46  3:38  Drone  
  48  3:41  Roach Warren  
  48  3:43  Drone  
  48  3:44  Queen, Drone  
  48  3:47  Drone x2  
  53  3:51  Zergling x2  
  53  3:52  Zergling x6  
  57  3:57  Overlord  
  57  4:03  Zergling x2  
  57  4:04  Zergling x2  
  57  4:05  Spine Crawler  
  57  4:08  Overlord  
  58  4:10  Overlord  
  58  4:18  Overlord  
  58  4:22  Roach x4  
  66  4:26  Overlord  
  66  4:27  Roach  
  66  4:28  Zergling x4  
  66  4:30  Roach  
  72  4:35  Zergling x2  
  72  4:38  Zergling x4  
  74  4:47  Zergling x4  
  74  4:48  Zergling x4  
  78  4:54  Zergling x10  
  78  4:59  Overlord  
  83  5:07  Drone x2  
  83  5:08  Drone  
  79  5:15  Roach x2  
  79  5:17  Zergling x2  
  79  5:18  Zergling x6  
  78  5:28  Zergling x6  
  74  5:32  Zergling x6  
  74  5:36  Zergling x2  
  74  5:40  Zergling x4  
  74  5:46  Drone  
  74  5:48  Drone, Extractor  
  74  5:49  Extractor  
  74  5:51  Drone x3  
  74  5:52  Spore Crawler  
  74  5:54  Roach  
  78  5:59  Roach  
  78  6:02  Roach x4  
  78  6:04  Overlord  
  89  6:06  Zergling x6  
  92  6:12  Zergling x4  
  94  6:19  Zergling x8  
  94  6:21  Ravager, Overlord  
  99  6:27  Zergling x2  
  99  6:28  Zergling x2  
  99  6:29  Ravager  
  99  6:32  Zergling x8  
  105  6:35  Zergling x2  
  105  6:37  Ravager  
  106  6:40  Spore Crawler  
  106  6:42  Spore Crawler, Drone  
  106  6:44  Zergling x6  
  106  6:45  Ravager  
  109  6:48  Zergling x2, Drone  
  109  6:49  Zergling x6  
  113  6:55  Drone x2  
  113  6:57  Zergling x2  
  113  6:58  Zergling x4  
  112  7:03  Zergling x2  
  112  7:07  Lair  
  112  7:08  Zergling x4  
  104  7:10  Ravager  
  104  7:13  Zergling x8  
  104  7:17  Drone x2  
  104  7:20  Drone  
  104  7:21  Drone  
  104  7:22  Drone  
  103  7:24  Drone  
  103  7:26  Drone x2  
  103  7:29  Drone x2  
  108  7:33  Zergling x4  
  101  7:40  Zergling x4  
  101  7:43  Drone  
  98  7:50  Drone x4  
  102  7:52  Drone x3  
  102  7:53  Roach  
  102  7:56  Drone  
  108  7:58  Drone  
  108  8:00  Drone x2  
  108  8:01  Drone  
  108  8:03  Extractor  
  111  8:06  Glial Reconstitution, Overlord  
  111  8:07  Overseer  
  111  8:12  Zergling x4, Spire  
  112  8:16  Extractor  
  112  8:17  Drone x2, Extractor  
  112  8:19  Roach  
  114  8:20  Roach  
  114  8:23  Zergling x6, Overseer  
  114  8:24  Drone  
  114  8:25  Overlord  
  117  8:29  Drone  
  117  8:30  Drone x2  
  119  8:39  Zergling x4  
  121  8:42  Overlord  
  121  8:44  Overlord  
  121  8:49  Overlord  
  121  8:50  Hatchery  
  120  9:00  Overlord  
  120  9:01  Overlord  
  120  9:11  Extractor  
  120  9:13  Extractor  
  118  9:23  Mutalisk x10  
  138  9:25  Zergling x2  
  138  9:26  Zergling x8  
  138  9:30  Zerg Flyer Weapons Level 1  
  141  9:32  Drone x2  
  141  9:36  Mutalisk  
  145  9:42  Zergling x6, Evolution Chamber  
  147  9:48  Mutalisk x2  
  147  9:49  Zergling x2  
  152  9:55  Zergling x2  
  152  9:58  Drone x3  
  152  9:59  Mutalisk  
  157  10:00  Zergling x4  
  157  10:02  Queen  
  157  10:03  Drone  
  157  10:04  Mutalisk  
  157  10:07  Mutalisk  
  164  10:09  Drone  
  164  10:12  Drone  
  164  10:13  Overlord  
  168  10:17  Drone  
  169  10:22  Mutalisk x2  
  169  10:25  Drone  
  169  10:27  Drone  
  175  10:30  Overlord  
  175  10:37  Drone, Hatchery  
  175  10:41  Mutalisk x3  
  181  10:47  Mutalisk  
  181  10:49  Overlord  
  183  10:51  Mutalisk x2  
  183  10:55  Overlord  
  183  10:56  Mutalisk  
  189  10:59  Zergling x4  
  189  11:02  Overlord  
  191  11:08  Mutalisk x3  
  188  11:13  Zergling x14  
  188  11:15  Zergling x6  
  188  11:16  Zergling x2  
  188  11:17  Zergling x2  
  187  11:24  Zergling x8  
  184  11:29  Mutalisk x3  
  172  11:38  Zergling x10  
Show
View Real Time Build Order
Export as new Build Order

Astrea Protoss 

Build Orders: 1 Gate Expand, Mass Adepts 

Get SALT Encoding   

  12  0:00  Probe  
  13  0:12  Probe  
  14  0:18  Pylon  
  14  0:24  Probe  
  15  0:30  Assimilator  
  15  0:36  Probe (Chrono Boost)  
  16  0:42  Gateway  
  16  0:48  Probe (Chrono Boost)  
  17  0:54  Probe (Chrono Boost)  
  18  1:03  Probe  
  19  1:15  Probe  
  20  1:22  Nexus  
  20  1:32  Cybernetics Core  
  20  1:35  Probe  
  21  1:41  Assimilator  
  21  1:47  Probe  
  21  1:51  Pylon  
  22  1:59  Probe (Chrono Boost)  
  23  2:06  Adept (Chrono Boost)  
  23  2:08  Warp Gate  
  23  2:11  Probe (Chrono Boost)  
  26  2:15  Probe (Chrono Boost)  
  26  2:18  Twilight Council  
  27  2:26  Probe  
  27  2:28  Stalker (Chrono Boost)  
  30  2:34  Probe  
  31  2:38  Probe  
  31  2:42  Robotics Facility  
  32  2:46  Probe  
  32  2:50  Probe  
  34  2:58  Probe  
  34  3:01  Gateway  
  34  3:04  Gateway  
  35  3:07  Probe  
  35  3:08  Resonating Glaives (Chrono Boost)  
  35  3:10  Probe  
  37  3:19  Adept, Probe  
  40  3:26  Gateway  
  41  3:30  Warp Prism (Chrono Boost)  
  42  3:36  Pylon  
  42  3:39  Probe x2  
  44  3:49  Pylon  
  44  3:51  Probe x2  
  46  3:57  Adept x2  
  46  3:59  Adept  
  53  4:02  Observer  
  53  4:13  Probe, Pylon  
  54  4:21  Adept x2  
  54  4:22  Adept x2  
  62  4:26  Pylon  
  62  4:42  Adept x4  
  70  4:48  Nexus  
  70  4:54  Probe x2  
  72  5:06  Probe  
  69  5:11  Adept x4  
  74  5:14  Probe  
  74  5:20  Probe  
  63  5:26  Probe  
  60  5:32  Probe, Assimilator  
  60  5:33  Adept  
  60  5:34  Adept x3  
  59  5:45  Probe  
  59  5:46  Immortal (Chrono Boost)  
  59  5:49  Assimilator  
  64  5:52  Pylon  
  64  5:55  Shield Battery, Adept x3  
  71  5:57  Adept  
  71  5:58  Probe  
  71  6:01  Probe  
  74  6:04  Probe  
  74  6:09  Robotics Bay  
  74  6:10  Probe  
  76  6:15  Probe  
  76  6:16  Probe  
  78  6:24  Immortal (Chrono Boost)  
  78  6:25  Probe  
  79  6:28  Probe  
  84  6:33  Adept x3  
  84  6:38  Shield Battery, Adept  
  92  6:45  Shield Battery  
  92  6:47  Pylon  
  92  6:48  Shield Battery  
  92  6:51  Shield Battery  
  92  6:56  Adept x3  
  87  7:12  Adept  
  87  7:13  Disruptor (Chrono Boost)  
  80  7:19  Adept x3  
  80  7:40  Adept x4  
  86  7:48  Pylon  
  86  7:49  Pylon  
  86  7:57  Nexus  
  86  8:03  Pylon  
  86  8:04  Blink  
  86  8:05  Disruptor (Chrono Boost)  
  86  8:06  Forge, Pylon  
  89  8:16  Probe x2  
  89  8:19  Pylon x2  
  91  8:28  Probe  
  91  8:29  Forge  
  91  8:32  Probe  
  93  8:35  Protoss Ground Weapons Level 1 (Chrono Boost), Stalker x4  
  101  8:43  Disruptor  
  104  8:50  Probe  
  105  8:56  Templar Archives  
  105  9:00  Shield Battery, Probe  
  105  9:02  Shield Battery  
  106  9:05  Probe  
  107  9:10  Gateway  
  107  9:11  Gateway  
  107  9:14  Probe  
  107  9:15  Probe  
  109  9:20  Probe  
  109  9:22  Assimilator  
  109  9:23  Assimilator, Pylon  
  110  9:29  Disruptor (Chrono Boost)  
  113  9:38  Photon Cannon  
  113  9:42  High Templar x3  
  113  9:43  High Templar  
  113  9:44  Photon Cannon  
  121  9:48  Archon x2  
  121  9:51  Gateway  
  121  9:58  Observer  
  121  10:01  Observer (Chrono Boost)  
  122  10:08  Photon Cannon  
  122  10:12  Stalker x2  
  123  10:14  Stalker x3  
  123  10:16  Stalker  
  131  10:28  Probe x2  
  129  10:29  Probe  
  129  10:40  Probe  
  131  10:44  Stalker x6  
  131  10:47  Photon Cannon  
  131  10:49  Pylon  
  143  10:51  Pylon  
  143  10:56  Stalker  
  144  11:00  Forge  
  125  11:26  Stalker x2  
  125  11:27  Stalker x4  
  119  11:49  Stalker x2  
  119  11:50  Stalker x4  
Tags
 
Add a new tag
Caveats
  • Supply blocks, unpowered buildings, or Contaminate may cause inaccurate times.
  • Supply counts are checked every 10 seconds.